 Dungeon Crawl Stone Soup version 0.18.1-5-g4a78601 (webtiles) character file.

83255 Chaotic the Warrior (level 15, -5/116 HPs)
             Began as a Gargoyle Berserker on May 14, 2016.
             Was an Elder of Trog.
             Killed from afar by Azrael (26 damage)
             ... with damnation
             ... on level 1 of the Snake Pit on May 15, 2016.
             The game lasted 01:29:24 (25840 turns).

Chaotic the Warrior (Gargoyle Berserker)           Turns: 25840, Time: 01:29:25

Health: -5/116     AC: 57    Str: 27    XL:     15   Next: 76%
Magic:  15/15      EV:  7    Int:  8    God:    Trog [****..]
Gold:   1484       SH:  0    Dex:  8    Spells: 0 memorised, 14 levels left

rFire  . . .     SeeInvis +     L - +4 dire flail (protect)
rCold  . . .     Gourm    .     d - +1 crystal plate armour
rNeg   + . .     Faith    .     (shield currently unavailable)
rPois  ∞         Spirit   .     y - +0 helmet
rElec  +         Dismiss  .     (no cloak)
rCorr  .         Reflect  .     U - +2 pair of gloves
SustAt .         Harm     .     W - +0 pair of boots
MR     +....     Clarity  +     J - amulet of regeneration {+regen, !d}
Stlth  ..........               M - +3 ring of protection
                                k - ring of see invisible {sInv, !d}

@: exhausted, slowed, very slow, somewhat resistant to hostile enchantments,
extremely unstealthy
A: big wings, rough black scales 1, yellow scales 1, clarity, negative energy
resistance 1, robust 1, electricity resistance, unbreathing, petrification
resistance, rot immunity, AC +11
a: Fly, Berserk, Trog's Hand, Brothers in Arms, Burn Spellbooks, Renounce
Religion


You were on level 1 of the Snake Pit.
You worshipped Trog.
Trog was greatly pleased with you.
You were very hungry.

You visited 4 branches of the dungeon, and saw 22 of its levels.

You collected 1484 gold pieces.

Inventory:

Hand Weapons
 r - a +0 antimagic battleaxe
   (Trog gifted it to you on level 7 of the Lair of Beasts)
 B - a +6 morningstar of draining
   (You found it on level 8 of the Lair of Beasts)
 L - a +4 dire flail of protection (weapon)
   (Trog gifted it to you on level 1 of the Lair of Beasts)
 X - a +3 quarterstaff of protection
   (Trog gifted it to you on level 12 of the Dungeon)
Armour
 d - a +1 crystal plate armour (worn)
   (You found it on level 1 of the Dungeon)
 y - a +0 helmet (worn)
   (You found it on level 4 of the Lair of Beasts)
 U - a +2 pair of gloves (worn)
   (You found it on level 6 of the Lair of Beasts)
 V - a cursed +0 cloak
   (You found it on level 1 of the Lair of Beasts)
 W - a +0 pair of boots (worn)
   (You found it on level 6 of the Lair of Beasts)
Jewellery
 k - a ring of see invisible (left hand) {sInv, !d}
   (You found it on level 7 of the Lair of Beasts)
 E - a +2 ring of strength
   (You found it on level 9 of the Dungeon)
 G - an uncursed ring of sustain attributes
   (You found it on level 8 of the Lair of Beasts)
 J - an amulet of regeneration (around neck) {+regen, !d}
   (You found it on level 12 of the Dungeon)
 M - a +3 ring of protection (right hand)
   (You found it on level 2 of the Lair of Beasts)
Wands
 z - a wand of confusion (34/48)
   (You found it on level 4 of the Lair of Beasts)
 N - a wand of confusion (48/48)
   (You found it on level 2 of the Lair of Beasts)
 Q - a wand of random effects (27/48)
   (You found it on level 11 of the Dungeon)
Scrolls
 f - 5 scrolls of identify
 m - 2 scrolls of recharging
 o - 4 scrolls of fear
 p - 6 scrolls of remove curse
 q - 5 scrolls of teleportation
 t - a scroll of blinking {!r}
 u - a scroll of holy word {unknown}
 D - 3 scrolls of magic mapping {!r}
 F - 3 scrolls of amnesia {unknown}
 I - a scroll of torment {unknown}
 O - a scroll of brand weapon {unknown}
 P - a scroll of enchant weapon
 T - 2 scrolls of vulnerability {unknown}
Potions
 e - 4 potions of haste {unknown}
 g - 3 potions of flight {unknown}
 i - 4 potions of degeneration {!q}
 j - 4 potions of brilliance {unknown}
 l - 3 potions of might {unknown}
 n - 10 potions of curing
 s - 4 potions of heal wounds
 v - 2 potions of cure mutation {unknown}
 w - a potion of agility {unknown}
 x - 2 potions of magic {unknown}
 A - a potion of mutation {unknown}
 R - 4 potions of lignification {unknown}
 S - a potion of resistance {unknown}
Miscellaneous
 h - a crystal ball of energy
   (You found it on level 7 of the Lair of Beasts)
 H - a phantom mirror
 K - a fan of gales
   (You found it on level 5 of the Lair of Beasts)
Comestibles
 a - a royal jelly
 b - 7 meat rations {@e2}
 c - 15 bread rations {@e1}
 C - 11 fruits
 Y - a beef jerky


   Skills:
 + Level 16.9 Fighting
 + Level 15.7 Maces & Flails
 + Level 16.5 Armour
 - Level 1.5 Dodging


You had 14 spell levels left.
You didn't know any spells.

Dungeon Overview and Level Annotations

Branches:
Dungeon (12/15)            Temple (0/1) D:4            Lair (8/8) D:10
 Shoals (0/4) Lair:6        Snake (1/4) Lair:6        Slime (0/6) Lair:6
    Orc (1/2) D:9

Altars:
Dithmenos
Fedhas
Gozag
Kikubaaqudgha
Makhleb
Okawaru
Pakellas
Qazlal
Vehumet
Xom
Jiyva

Shops:
D:12 (

Annotations:
Lair:1 exclusion: oklob plant
Lair:6 exclusion: 2 oklob plants
Snake:1 Azrael


Innate Abilities, Weirdness & Mutations

You are resistant to torment.
Your stone body is resilient (AC +11).
You are immune to poison.
Your large and strong wings let you fly indefinitely.
You resist negative energy.
You are resistant to electric shocks.
You can survive without breathing.
You are immune to petrification.
You are immune to rotting.
You are partially covered in rough black scales (AC +4, Dex -1).
You are partially covered in yellow scales (AC +2).
You possess an exceptional clarity of mind.
You are robust (+10% HP).


Message History

You thump Aizul! The hell hound barely misses you.
You barely miss Aizul. The fire elemental hits you.
The fire elemental burns you! Aizul closely misses you.
You take 5 damage, and have 99/174 hp.
You impale Aizul!!
You kill Aizul!
Trog accepts your kill.
Trog appreciates your killing of a magic user.
The hell hound breathes flames at you. The blast of flame hits you!
Azrael hits you but does no damage. The fire elemental hits you.
The hell hound closely misses you.
You hit Azrael. The fire elemental hits you.
You bludgeon Azrael!!
The hell hound bites you but does no damage.
The fire elemental hits you. Azrael hits you but does no damage.
You completely miss Azrael.
You are no longer berserk.
You are exhausted.
You feel yourself slow down.
You are feeling very hungry.
The fire elemental hits you.
The hell hound bites you but does no damage.
You now have 68/116 hp.
You hit Azrael. The fire elemental hits you.
The fire elemental barely misses you. The hell hound barely misses you.
Azrael barely misses you. The fire elemental hits you.
Your crystal plate armour prevents you from hitting Azrael.
The hell hound bites you but does no damage.
The fire elemental barely misses you. The fire elemental hits you.
Azrael hits you but does no damage.
You hit Azrael.
The hell hound bites you but does no damage.
The fire elemental hits you. x2; The fire elemental burns you!
The hell hound barely misses you.
You take 5 damage, and have 64/116 hp.
You sock Azrael! The fire elemental hits you. The fire elemental burns you!
The fire elemental hits you. The fire elemental burns you!
Azrael gestures at you.
The fireball explodes!
The fireball engulfs you!
The fireball engulfs Azrael.
Azrael completely resists.
The fireball engulfs the fire elemental.
The fire elemental completely resists.
The fireball engulfs the hell hound.
The hell hound completely resists.
The fireball engulfs the fire elemental.
The fire elemental completely resists.
The hell hound bites you but does no damage.
The fire elemental hits you.
You sock Azrael! The fire elemental hits you. The fire elemental burns you!
The hell hound bites you. Azrael hits you but does no damage.
The fire elemental barely misses you.
You take 21 damage, and have 43/116 hp.
You hit Azrael. The fire elemental barely misses you.
The hell hound bites you but does no damage.
The fire elemental closely misses you. Azrael hits you but does no damage.
The fire elemental hits you. The fire elemental burns you!
The hell hound bites you but does no damage.
You take 2 damage, and have 41/116 hp.
You hit Azrael but do no damage. The fire elemental hits you.
The fire elemental burns you!
* * * LOW HITPOINT WARNING * * *
The hell hound bites you but does no damage.
The fire elemental hits you. The fire elemental burns you!
* * * LOW HITPOINT WARNING * * *
You take 13 damage, and have 28/116 hp.
The hell hound bites you but does no damage. x2
The fire elemental hits you. The fire elemental burns you!
* * * LOW HITPOINT WARNING * * *
Azrael gestures at you.
The fireball explodes!
The fireball engulfs you!
* * * LOW HITPOINT WARNING * * *
The fireball engulfs the hell hound.
The hell hound completely resists.
The fireball engulfs the fire elemental.
The fire elemental completely resists.
The fireball engulfs Azrael.
Azrael completely resists.
The hell hound bites you but does no damage.
The fire elemental hits you.
You take 3 damage, and have 25/116 hp.
Azrael gestures at you. The sticky flame hits you!
You are covered in liquid flames!
The hell hound bites you but does no damage.
The fire elemental hits you.
The hell hound bites you but does no damage.
You are covered in liquid flames!
* * * LOW HITPOINT WARNING * * *
The hell hound barely misses you.
You take 3 damage, and have 23/116 hp.
You are covered in liquid flames!
* * * LOW HITPOINT WARNING * * *
The hell hound bites you but does no damage.
You see here 2 inedible chunks of flesh {@w0}.
You take 3 damage, and have 20/116 hp.
You are covered in liquid flames!
* * * LOW HITPOINT WARNING * * *
The hell hound bites you but does no damage.
The hell hound completely misses you. Azrael gestures at you.
The damnation unfurls!
The damnation engulfs you!
You die...

#...# #.
#..†# #. . #
#.<.# .#.
#.# #...#
##..###...#
#...#
#.[#..§..##
#...#
#..$.§R§..#
#...# #...#
#...# #...#
#..@# ##.§#
#.Eh# #§§.#
#..E###E§.#
#[.§R#§§..#
#...§§§§..#
#...###§...#
#...#
##....#
#...#
##....#
#....
##....#


You could see Azrael, 2 fire elementals and a hell hound.

Vanquished Creatures
  Kirke (Lair:7)
  Aizul (Snake:1)
  A stone giant (D:9)
  Nessos (D:12)
  8 hydras
  Erica (D:10)
  3 catoblepae (Lair:8)
  The ghost of eALc the Fighter, a novice DsFi of Qazlal (D:9)
  The ghost of richardnixon the Bludgeoner, a novice MiFi of Okawaru (D:10)
  24 death yaks
  A fire crab (Lair:8)
  An unseen horror (D:12)
  2 hill giants
  2 cyclopes (D:12)
  2 manticores
  An ugly thing (D:12)
  5 griffons
  17 elephants
  4 black mambas
  A guardian serpent (Lair:6)
  A naga mage (Snake:1)
  9 spiny frogs
  2 centaur skeletons
  A gargoyle (D:12)
  A torpor snail (Lair:7)
  3 rime drakes
  13 komodo dragons
  3 trolls
  A polar bear (Lair:5)
  2 two-headed ogres
  23 blink frogs
  Prince Ribbit (D:5)
  A wraith (D:11)
  Sigmund (D:3)
  4 hogs (Lair:7)
  A human (Lair:7)
  53 yaks
  4 wyverns
  Grum (D:11)
  9 hippogriffs
  3 wargs (D:9)
  Duvessa (D:5)
  The ghost of tbh1313 the Destroyer, an amateur DECj (D:3)
  14 water moccasins
  2 hell hounds (D:10)
  12 porcupines
  4 orc warriors
  2 sky beasts
  3 ice beasts
  A black bear (D:6)
  A phantom (D:6)
  4 ogres
  9 wolves
  7 centaurs
  13 crocodiles
  2 big kobolds
  19 giant frogs
  Dowan (D:5)
  5 scorpions
  15 killer bees
  An electric eel (D:8)
  A howler monkey (D:11)
  5 crimson imps
  13 jellies
  4 hounds
  6 orc priests
  A gnoll shaman (D:4)
  5 giant frog skeletons
  8 iguanas
  13 orc wizards
  6 worker ants
  15 sheep
  A hound zombie (D:5)
  A hound skeleton (D:8)
  5 gnolls (D:4)
  13 adders
  51 river rats
  4 shadow imps
  18 oozes
  An adder skeleton (D:9)
  3 worms
  3 dart slugs
  3 giant geckos
  44 orcs
  3 giant cockroaches
  7 hobgoblins
  10 jackals
  4 quokkas
  3 ball pythons (D:1)
  17 bats
  A giant gecko skeleton (D:6)
  6 giant newts
  12 goblins
  2 jackal zombies (D:5)
  13 kobolds
  A quokka skeleton (D:10)
  4 rats
  4 fungi
  A plant (Lair:3)
644 creatures vanquished.

Vanquished Creatures (collateral kills)
  The ghost of fish the Brawler, a journeyman DrMo of the Shining One (Lair:8)
  Snorg (Lair:8)
  7 death yaks
  11 yaks
  2 water moccasins (Lair:8)
  A porcupine (Lair:7)
  A hell hound (Snake:1)
  6 wolves
  A crocodile (Lair:8)
  4 sheep (Lair:7)
  6 river rats (Lair:7)
  2 fungi (Lair:8)
43 creatures vanquished.

Vanquished Creatures (others)
  2 humans (Lair:7)
  27 fungi
  9 plants
  4 toadstools (D:1)
42 creatures vanquished.

Grand Total: 729 creatures vanquished

Notes
Turn   | Place    | Note
--------------------------------------------------------------
     0 | D:1      | Chaotic the Gargoyle Berserker began the quest for the Orb.
     0 | D:1      | Reached XP level 1. HP: 14/14 MP: 1/1
   103 | D:1      | Reached XP level 2. HP: 19/19 MP: 2/2
   390 | D:1      | Reached ** piety under Trog
   464 | D:1      | Reached XP level 3. HP: 22/24 MP: 3/3
  1246 | D:2      | Reached skill level 4 in Fighting
  1384 | D:2      | Reached skill level 3 in Armour
  1462 | D:2      | Reached XP level 4. HP: 28/29 MP: 4/4
  1602 | D:2      | Found a stormy altar of Qazlal.
  1778 | D:3      | Noticed tbh1313's ghost (amateur DECj)
  1785 | D:3      | Noticed Sigmund
  1796 | D:3      | Killed tbh1313's ghost
  1796 | D:3      | Reached skill level 4 in Maces & Flails
  1796 | D:3      | Reached skill level 4 in Armour
  1796 | D:3      | Reached XP level 5. HP: 34/34 MP: 5/5
  1800 | D:3      | Reached *** piety under Trog
  1814 | D:3      | Killed Sigmund
  1814 | D:3      | Reached skill level 5 in Fighting
  1814 | D:3      | Reached XP level 6. HP: 27/40 MP: 6/6
  2025 | D:3      | Reached skill level 5 in Maces & Flails
  2025 | D:3      | Reached XP level 7. HP: 44/44 MP: 7/7
  2618 | D:5      | Entered Level 5 of the Dungeon
  2780 | D:4      | Reached skill level 5 in Armour
  2794 | D:4      | Reached skill level 6 in Fighting
  2797 | D:4      | Reached **** piety under Trog
  3161 | D:4      | Found a staircase to the Ecumenical Temple.
  3210 | D:5      | Noticed Duvessa
  3220 | D:5      | Noticed Dowan
  3222 | D:5      | Killed Duvessa
  3233 | D:5      | Killed Dowan
  3233 | D:5      | Reached XP level 8. HP: 52/52 MP: 8/8
  3285 | D:5      | Found a burning altar of Makhleb.
  3302 | D:5      | Reached skill level 6 in Armour
  3459 | D:5      | Noticed Prince Ribbit
  3467 | D:5      | Reached skill level 6 in Maces & Flails
  3516 | D:5      | Reached skill level 7 in Fighting
  3520 | D:5      | Killed Prince Ribbit
  3790 | D:5      | Found a shadowy altar of Dithmenos.
  3909 | D:5      | Found a radiant altar of Vehumet.
  4135 | D:6      | Reached skill level 7 in Armour
  4402 | D:6      | Reached skill level 7 in Maces & Flails
  4402 | D:6      | Reached XP level 9. HP: 45/59 MP: 9/9
  4699 | D:6      | Reached skill level 8 in Fighting
  4894 | D:6      | Found an opulent altar of Gozag.
  4896 | D:6      | Found a blossoming altar of Fedhas.
  5796 | D:7      | Reached skill level 8 in Armour
  6304 | D:7      | Reached ***** piety under Trog
  6437 | D:8      | Reached skill level 9 in Fighting
  6684 | D:8      | Reached skill level 8 in Maces & Flails
  6856 | D:8      | Gained mutation: You are robust (+10% HP). [mutagenic meat]
  6857 | D:8      | Gained mutation: You are partially covered in yellow scales (AC +2). [mutagenic meat]
  6858 | D:8      | Gained mutation: You possess an exceptional clarity of mind. [mutagenic meat]
  6859 | D:8      | Gained mutation: You are partially covered in rough black scales (AC +4, Dex -1). [mutagenic meat]
  6860 | D:8      | Gained mutation: You are covered in fur (AC +1). [mutagenic meat]
  7162 | D:9      | Reached skill level 9 in Armour
  7162 | D:9      | Reached XP level 10. HP: 72/72 MP: 10/10
  7381 | D:9      | Found a staircase to the Orcish Mines.
  7457 | D:9      | Found an oddly glowing altar of Pakellas.
  7479 | D:9      | Noticed eALc's ghost (novice DsFi)
  7486 | D:9      | Reached skill level 9 in Maces & Flails
  7513 | D:9      | Killed eALc's ghost
  7513 | D:9      | Reached skill level 10 in Fighting
  7855 | D:9      | Found an iron altar of Okawaru.
  8024 | D:9      | Reached skill level 10 in Armour
  8060 | D:9      | Got a heavily runed ring mail
  8061 | D:9      | Identified the +5 ring mail "Tegreqac" {Regen+ SInv} (You found it on level 9 of the Dungeon)
  8172 | D:9      | Found an ancient bone altar of Kikubaaqudgha.
  8244 | D:10     | Entered Level 10 of the Dungeon
  8350 | D:10     | Found a staircase to the Lair.
  8426 | D:10     | Noticed richardnixon's ghost (novice MiFi)
  8452 | D:10     | Killed richardnixon's ghost
  8452 | D:10     | Reached skill level 11 in Fighting
  8452 | D:10     | Reached skill level 10 in Maces & Flails
  8452 | D:10     | Reached XP level 11. HP: 40/81 MP: 11/11
  8737 | Lair:1   | Entered Level 1 of the Lair of Beasts
  8987 | Lair:1   | Noticed a seven-headed hydra
  9001 | Lair:1   | Killed a seven-headed hydra
  9001 | Lair:1   | Reached skill level 11 in Armour
  9899 | Lair:1   | Noticed an oklob plant
  9904 | Lair:1   | Received a gift from Trog
 10357 | Lair:2   | Noticed a six-headed hydra
 10368 | Lair:2   | Killed a six-headed hydra
 10368 | Lair:2   | Reached skill level 12 in Fighting
 10368 | Lair:2   | Reached skill level 11 in Maces & Flails
 10713 | Lair:2   | Reached skill level 12 in Armour
 10725 | Lair:2   | Reached XP level 12. HP: 87/89 MP: 12/12
 10911 | Lair:2   | Noticed an eight-headed hydra
 10920 | Lair:2   | Killed an eight-headed hydra
 11854 | Lair:3   | Received a gift from Trog
 11854 | Lair:3   | Reached skill level 12 in Maces & Flails
 12315 | Lair:4   | Reached skill level 13 in Fighting
 12398 | Lair:4   | Reached skill level 13 in Armour
 13261 | Lair:5   | Reached XP level 13. HP: 72/96 MP: 13/13
 13901 | Lair:5   | Got a fine plate armour
 13902 | Lair:5   | Identified the +5 plate armour of Vailain {rN++ MP+9 Dex+2 Stlth+} (You found it on level 5 of the Lair of Beasts)
 14336 | Lair:5   | Reached skill level 14 in Fighting
 14414 | Lair:5   | Reached skill level 13 in Maces & Flails
 14783 | Lair:6   | Received a gift from Trog
 14891 | Lair:6   | Reached skill level 14 in Armour
 14899 | Lair:6   | HP: 22/99 [hippogriff (4)]
 14902 | Lair:6   | HP: 7/148 [eight-headed hydra (6)]
 14912 | Lair:6   | HP: 8/150 [hippogriff (5)]
 15416 | Lair:6   | Found a viscous altar of Jiyva.
 15416 | Lair:6   | Found a staircase to the Slime Pits.
 15428 | Lair:6   | Found a staircase to the Shoals.
 15528 | Lair:6   | Found a staircase to the Snake Pit.
 16207 | Lair:7   | Gained mutation: Your large and strong wings let you fly indefinitely. [Gargoyle growth]
 16207 | Lair:7   | Reached XP level 14. HP: 86/105 MP: 14/14
 16223 | Lair:7   | Reached skill level 15 in Fighting
 16246 | Lair:7   | Reached skill level 14 in Maces & Flails
 16365 | Lair:7   | Received a gift from Trog
 16604 | Lair:7   | Noticed Kirke
 16648 | Lair:8   | Entered Level 8 of the Lair of Beasts
 16701 | Lair:7   | Killed Kirke
 16730 | Lair:8   | Noticed Snorg
 16734 | Lair:8   | Noticed fish's ghost (journeyman DrMo)
 16740 | Lair:8   | Killed Snorg
 16740 | Lair:8   | Reached skill level 15 in Armour
 16745 | Lair:8   | Killed fish's ghost
 18191 | Lair:8   | Reached skill level 16 in Fighting
 18193 | Lair:8   | Reached XP level 15. HP: 103/114 MP: 15/15
 18203 | Lair:8   | Reached skill level 15 in Maces & Flails
 18900 | Lair:7   | Reached skill level 16 in Armour
 20023 | D:10     | Noticed Erica
 20029 | D:10     | Killed Erica
 20052 | D:10     | Found a shimmering altar of Xom.
 20613 | D:11     | Noticed Grum
 20638 | D:11     | Killed Grum
 21698 | D:12     | Received a gift from Trog
 21814 | D:12     | Got a heavily jewelled robe
 21884 | D:12     | Noticed Nessos
 21925 | D:12     | Killed Nessos
 22555 | D:12     | Lost mutation: You are covered in fur (AC +1). [mutagenic meat]
 22697 | D:12     | Found Rukk's Antique Weapon Shoppe.
 23053 | Orc:1    | Entered Level 1 of the Orcish Mines
 25738 | Snake:1  | Entered Level 1 of the Snake Pit
 25781 | Snake:1  | Noticed Aizul
 25790 | Snake:1  | Noticed Azrael
 25822 | Snake:1  | Killed Aizul
 25833 | Snake:1  | HP: 28/116 [fire elemental[Azrael] (4)]
 25838 | Snake:1  | HP: 19/116 [burnt (4)]
 25840 | Snake:1  | Killed from afar by Azrael

Skill      XL: |  1  2  3  4  5  6  7  8  9 10 11 12 13 14 15 |
---------------+----------------------------------------------+-----
Fighting       | 4 5 6 7 9 11 12 13 14 16 | 16.9
Armour         | 3 4 5 7 9 10 12 13 14 15 16 | 16.5
Maces & Flails | 4 5 7 8 10 11 12 13 14 15 | 15.7
Dodging        | |  1.5

Action                   |  1- 3 |  4- 6 |  7- 9 | 10-12 | 13-15 || total
-------------------------+-------+-------+-------+-------+-------++-------
Melee: Mace              |   154 |   133 |    38 |       |       ||   325
       Flail             |       |       |   475 |   466 |       ||   941
       Dire flail        |       |       |       |   360 |  1400 ||  1760
Invok: Berserk           |       |     2 |     4 |     3 |     5 ||    14
       Trog's Hand       |       |       |     2 |       |     2 ||     4
       Brothers in Arms  |       |       |     1 |     1 |    15 ||    17
       Burn Spellbooks   |       |       |       |       |     4 ||     4
Evoke: Wand              |       |       |       |       |     1 ||     1
  Use: Potion            |       |       |     1 |       |     1 ||     2
       Scroll            |       |       |       |    16 |    10 ||    26
 Stab: Held in net/web   |       |       |     1 |       |       ||     1
       Distracted        |       |       |       |       |     1 ||     1
       Petrified         |       |       |       |       |     1 ||     1
  Eat: Chunk             |     2 |     3 |    17 |    14 |    34 ||    70
       Fruit             |       |       |     4 |     4 |     9 ||    17
       Beef jerky        |       |       |     1 |       |       ||     1
       Meat ration       |       |       |     1 |     1 |     1 ||     3
       Pizza             |       |       |       |     1 |     1 ||     2
Armor: Crystal plate arm |   195 |   200 |   615 |   971 |  1784 ||  3765
Dodge: Dodged            |    25 |    49 |   216 |   414 |   481 ||  1185

Vault maps used:
D:1:      ldierk_walled_garden_2, st_stairs_8
D:2:      lemuel_round_altar, first_bread, minmay_misc_feat_tower,
          grunt_ministairs_11, serial_park_tiny_pond
D:3:      uniq_sigmund
D:4:      kennysheep_big_flooded_room, minmay_temple_entry_glass,
          hangedman_decor_peaks_small, st_stairs_12, minmay_mini_ossuary
D:5:      overflow_temple_1_default, marbit_many_paths,
          nicolae_dithmenos_the_darkroom, uniq_duvessa, uniq_prince_ribbit1
D:6:      minitemple
D:7:      old_forge
D:8:      blue_anna_alchemist, kennysheep_generic_room_2
D:9:      okawaru_gym_becter, lemuel_crystal_altar, minmay_orc_entry_guard_dogs,
          basic_altar
D:10:     minmay_lair_entry_lava, basic_altar, uniq_erica
D:11:     uniq_grum
D:12:     serial_shops, shop_statue, uniq_nessos
Lair:1:   lemuel_slime, grunt_megastairs_4
Lair:2:   beast_lair_carwin_9
Lair:4:   wad_woods_minihive, infiniplex_staircase_pool_2
Lair:6:   minmay_shoals_entry_beasts, minmay_snake_entry_spellcaster,
          slime_altar_1, dpeg_oklob_1
Lair:7:   slaughterhouse, beast_lair_carwin_6, uniq_kirke
Lair:8:   evilmike_catoblepas_cave, uniq_snorg
Snake:1:  uniq_aizul, uniq_frances, uniq_azrael

Table legend:
 A = Turns spent in this place as a percentage of turns spent in the entire game.
 B = Non-inter-level travel turns spent in this place as a percentage of non-inter-level travel turns spent in the entire game.
 C = Inter-level travel turns spent in this place as a percentage of turns spent in this place.
 D = Turns resting spent in this place as a percentage of non-inter-level travel turns spent in this place.
 E = Turns spent auto-exploring this place as a percentage of non-inter-level travel turns spent in this place.
 F = Non-inter-level travel turns spent in this place divided by the number of levels of this place that you've seen.
                   A       B       C       D       E      F
               +-------+-------+-------+-------+-------+----------------------
         Total | 100.0 | 100.0 |   0.0 |   1.3 |   4.8 | 586.2
       Dungeon |  47.0 |  47.0 |   0.0 |   1.4 |   7.2 | 505.7
          Lair |  51.9 |  51.9 |   0.0 |   1.2 |   2.7 | 837.2
     Snake Pit |   0.9 |   0.9 |   0.0 |   0.0 |   0.0 | 110.0
  Orcish Mines |   0.2 |   0.2 |   0.0 |   0.0 |   4.8 |  21.0
               +-------+-------+-------+-------+-------+----------------------

Table legend:
 A = Kills in this place as a percentage of kills in entire the game.
 B = Kills by you in this place as a percentage of kills by you in the entire game.
 C = Kills by friends in this place as a percentage of kills by friends in the entire game.
 D = Other kills in this place as a percentage of other kills in the entire game.
 E = Experience gained in this place as a percentage of experience gained in the entire game.
 F = Experience gained in this place divided by the number of levels of this place that you have seen.
                   A       B       C       D       E      F
               +-------+-------+-------+-------+-------+----------------------
         Total | 100.0 | 100.0 | 100.0 |  -nan | 100.0 | 5406.2
       Dungeon |  47.6 |  50.7 |   0.0 |  -nan |  22.1 | 2189.2
          Lair |  51.8 |  48.8 |  97.6 |  -nan |  75.7 | 11250.6
     Snake Pit |   0.6 |   0.5 |   2.4 |  -nan |   2.2 | 2661.0
               +-------+-------+-------+-------+-------+----------------------
